Selects Airborne Battlegroup
Selects Paratrooper Squad Paradrop
Paratrooper Squad Paradrop
Selects Smoke Bombing Run
Paratrooper Squad Paradrop
Paratrooper Squad Paradrop
Advanced Air Reconnaissance
Selects Paradrop Reinforcements
Paratrooper Squad Paradrop
Grasshopper High-Altitude Recon Run
Construct Medical Station
Selects Anti-tank Gun Team Paradrop
Grasshopper High-Altitude Recon Run
M18 Hellcat Tank Destroyer
M1918 Browning Automatic Rifles
Grasshopper High-Altitude Recon Run
Anti-tank Gun Team Paradrop
Grasshopper High-Altitude Recon Run
Selects Dual P-47 Rocket Strike
M18 Hellcat Tank Destroyer
Grasshopper High-Altitude Recon Run
Paratrooper Squad Paradrop